 Dungeon Crawl Stone Soup version 0.31-a0-149-g3fdcc5976a (webtiles) character file.

Game seed: 5740946352097641989

238 comborobin the Sneak (level 5, 0/46 HPs)
             Began as a Deep Elf Delver on June 7, 2023.
             Succumbed to a scorpion's poison
             ... on level 5 of the Dungeon.
             The game lasted 00:06:21 (3007 turns).

comborobin the Sneak (Deep Elf Delver)              Turns: 3007, Time: 00:06:22

Health: 0/46       AC: 22    Str:  9    XL:     5   Next: 78%
Magic:  7/7        EV:  2    Int: 17    God:
Gold:   138        SH:  0    Dex: 16    Spells: 4/4 levels left

rFire   . . .        b - +0 orcbow
rCold   . . .        (shield currently unavailable)
rNeg    . . .        h - melded +0 leather armour
rPois   +            (helmet currently unavailable)
rElec   .            (cloak currently unavailable)
rCorr   .            (gloves currently unavailable)
SInv    .            (boots currently unavailable)
Will    .....        (no amulet)
Stlth   +++          (no ring)
HPRegen 0.27/turn    (no ring)
MPRegen 0.10/turn

%: no passive effects
@: mighty, lethally poisoned (0 -> -17), tree-form
A: stationary, stasis, torment immunity, boosted hp
a: no special abilities


You were on level 5 of the Dungeon.
You were a tree.
You visited 1 branch of the dungeon, and saw 6 of its levels.

You collected 138 gold pieces.

Inventory:

Hand Weapons
 a - a +0 rapier
 b - a +0 orcbow (weapon)
 s - a +0 short sword
 v - a +1 vampiric whip
Missiles
 q - 7 poisoned darts
Armour
 h - a +0 leather armour (melded)
Jewellery
 i - a ring of fire
 t - an amulet of reflection
 u - an amulet of the acrobat
Wands
 g - a wand of digging (3)
 k - a wand of flame (22)
Scrolls
 c - 2 scrolls of fog
 d - a scroll of magic mapping
 e - a scroll of fear
 l - 4 scrolls of teleportation {unknown}
 m - a scroll of enchant armour {unknown}
 n - 4 scrolls of identify {unknown}
 p - a scroll of blinking {unknown}
 r - a scroll of amnesia {unknown}
Potions
 f - 2 potions of haste
 o - 2 potions of lignification
 w - 2 potions of heal wounds {unknown}
 x - a potion of degeneration {unknown}


   Skills:
 - Level 2.4 Fighting
 - Level 3.4 Short Blades
 + Level 5.8 Ranged Weapons
 - Level 2.5 Dodging
 - Level 6.6 Stealth


You had 4 spell levels left.
You didn't know any spells.
Your spell library contained the following spells:

 Spells                   Type           Power      Damage    Failure   Level
 Magic Dart               Conj           0%         1d3       24%         1
 Call Imp                 Summ           0%         N/A       34%         2
 Scorch                   Fire           0%         2d5       34%         2
 Mephitic Cloud           Conj/Pois/Air  0%         N/A       56%         3
 Flame Wave               Conj/Fire      0%         2d4       93%         4
 Leda's Liquefaction      Hex/Erth       0%         N/A       93%         4
 Lee's Rapid Deconstruct  Erth           0%         3d4*      100%        5
 Leda's Unmaking          Conj/Erth      0%         9d1       100%        6
 Statue Form              Tmut/Erth      0%         N/A       100%        6
 Summon Cactus Giant      Summ           0%         N/A       100%        6


Dungeon Overview and Level Annotations

Branches:
Dungeon (6/15)
 Temple: D:4-7

Altars:
Elyvilon
Fedhas
Kikubaaqudgha


Message History

The scorpion is severely wounded.
The scorpion stings you.
You shoot an arrow.
The arrow completely misses the scorpion.
The scorpion stings you. The scorpion barely misses you.
You shoot an arrow. The arrow barely misses the scorpion.
The scorpion barely misses you.
You shoot an arrow. The arrow closely misses the scorpion.
The scorpion barely misses you. The scorpion stings you.
You are poisoned.
The scorpion poisons you!
You shoot an arrow.
The arrow hits the scorpion but does no damage.
The scorpion is heavily wounded.
You feel very sick. The scorpion stings you.
You are lethally poisoned!
The scorpion poisons you!
Unknown command.
Unknown command.
Aiming: Throw Flame
Press: ? - help, Shift-Dir - straight line, f/p - scorpion
Aim: a scorpion (heavily wounded, 68% to hit)
The puff of flame hits the scorpion but does no damage.
The scorpion is heavily wounded.
* * * LOW HITPOINT WARNING * * *
You feel very sick. The scorpion barely misses you.
It was a potion of might.
You feel very mighty all of a sudden.
* * * LOW HITPOINT WARNING * * *
You feel very sick. The scorpion stings you.
* * * LOW HITPOINT WARNING * * *
You are more poisoned.
The scorpion poisons you!
It was a potion of lignification.
You turn into a tree.
Your +0 leather armour melds into your body.
Your roots penetrate the ground.
You die...

##### #P..######
#._.#....# #
##..P####.# #.
#..P# #.#
#..#P..#####.#
#.........##†#
#...s♣....##.#####
#
###P..###........#
# #...# #.##.###.#
# #P..##
#.##...#.# # #P_P
#.#......# # #.PP
#.#......# # ####
#.#......#####
+.............
#.##...#.#####


You could see a scorpion.

Vanquished Creatures
  A scorpion (D:5)
  An orc priest (D:4)
  An iguana (D:5)
  A gnoll (D:1)
  4 adders
  2 worms (D:2)
  6 orcs (D:3)
  9 ball pythons
  6 endoplasms
  5 giant cockroaches
  2 goblins
  7 hobgoblins
  5 jackals
  2 quokkas
  4 bats
  4 frilled lizards
  3 kobolds
  8 rats
71 creatures vanquished.

Vanquished Creatures (others)
  A quokka (D:5)
1 creature vanquished.

Grand Total: 72 creatures vanquished

Notes
Turn   | Place    | Note
-------+----------+-------------------------------------------
     0 | D:5      | comborobin the Deep Elf Delver began the quest for the Orb.
     0 | D:5      | Reached XP level 1. HP: 13/13 MP: 3/3
    29 | D:5      | Noticed an ogre
   118 | D:5      | Noticed a scorpion
   173 | D:5      | Noticed an ice beast
   309 | D:3      | Reached XP level 2. HP: 18/18 MP: 4/4
   601 | D:3      | Reached XP level 3. HP: 19/22 MP: 5/5
   919 | D:2      | Found a white marble altar of Elyvilon.
  1216 | D:1      | Reached skill level 1 in Ranged Weapons
  1339 | D:1      | Reached XP level 4. HP: 27/27 MP: 6/6
  1487 | D:1      | Found a faded altar of an unknown god.
  2847 | D:4      | Noticed a lemure
  2852 | D:4      | Noticed a lemure
  2856 | D:4      | Reached XP level 5. HP: 31/31 MP: 7/7
  2901 | D:4      | Noticed an orc warrior
  2911 | D:5      | Reached skill level 5 in Ranged Weapons
  2971 | D:5      | Found an ancient bone altar of Kikubaaqudgha.
  2971 | D:5      | Found a blossoming altar of Fedhas.
  3007 | D:5      | Succumbed to a scorpion's poison

Illustrated notes

Levels and vault maps discovered:
D:1:      dpeg_arrival_tiny_c, layout_basic,
          hellmonk_ecumenical_altar_defaced_shrine, nicolae_figureground_pulse
D:2:      layout_basic, basic_altar
D:3:      layout_loops_corners, st_stairs_11, chequers_serial_rivers_marsh
D:4:      kennysheep_the_goblin_king, layout_cave_pools, serial_bayou_pond_b,
          uniq_pikel
D:5:      layout_loops_corners, grunt_temple_overflow_growth_and_decay,
          lemuel_temple_firewalk_a
D:6:      minmay_bubble_buster, layout_gridville, minmay_fountain_box,
          dreamdust_wishing_well

Skill      XL: |  1  2  3  4  5 |
---------------+----------------+-----
Short Blades   | 3 |  3.4
Ranged Weapons | 1 4 5 |  5.8
Fighting       | |  2.4
Dodging        | |  2.5
Stealth        | |  6.6

Action                     |  1- 3 |  4- 6 || total
---------------------------+-------+-------++-------
  Melee: Short sword       |    70 |       ||    70
   Fire: Orcbow            |    27 |    85 ||   112
  Evoke: Wand              |       |    12 ||    12
    Use: Potion            |     2 |     4 ||     6
   Stab: Sleeping          |     7 |       ||     7
 Armour: Leather armour    |    18 |     4 ||    22
  Dodge: Dodged            |    40 |    27 ||    67

Table legend: (Time is in decaauts)
 A = Elapsed time spent in this place.
 B = Non-inter-level travel time spent in this place.
 C = Inter-level travel time spent in this place.
 D = Time resting spent in this place.
 E = Time spent auto-exploring this place.
 F = Levels seen in this place.
 G = Mean time per level.
                   A        B        C        D        E       F      G
               +--------+--------+--------+--------+--------+-----+--------+
         Total |   3024 |   2898 |    126 |    332 |   1780 |   6 |  504.0 |
       Dungeon |   3024 |   2898 |    126 |    332 |   1780 |   6 |  504.0 |
               +--------+--------+--------+--------+--------+-----+--------+

Top non-repeatable levels by time:
     D:3: 1074 daAuts
     D:1: 727 daAuts
     D:2: 607 daAuts
     D:4: 382 daAuts
     D:5: 231 daAuts
     D:6: 1 daAuts
